SAL
WEST VIRGINIA POWER @ ASHEVILLE TOURISTS
06/15/2098
 
TOP OF THE 1ST
West Virginia Power batting - Pitching for Asheville Tourists : LHP Justin White
Pitching: LHP Justin White
Batting: RHB Stuart Steitz 0-0: Called Strike
0-1: Ball
1-1: Ball
2-1: Ball
3-1: Swinging Strike
3-2: Foul Ball, location: 2F
3-2: Foul Ball, location: 5F
3-2: Foul Ball, location: 2F
3-2: Foul Ball, location: 9LMF
3-2: Foul Ball, location: 9LMF
3-2: SINGLE (Groundball, 56D, EV 110.0 MPH)
Batting: RHB Brian Chisholm 0-0: Called Strike
0-1: Swinging Strike
0-2: Foul Ball, location: 2F
0-2: Foul Ball, location: 2LF
0-2: Fly out, F8 (Flyball, 8RM, EV 98.8 MPH)
Batting: RHB Bryan Gibson 0-0: Called Strike
0-1: Ball
1-1: Ball
2-1: Called Strike
2-2: SINGLE (Line Drive, 34D, EV 96.9 MPH)
Stuart Steitz to second
Runner from 2nd tries for 3rd, SAFE, no throw by RF
Batting: RHB Mark Severtson 0-0: Ball
1-0: SINGLE (Line Drive, 89S, EV 109.4 MPH)
Stuart Steitz scores
Bryan Gibson to second
Batting: RHB Alejandro Fernandez 0-0: Foul Ball, location: 2F
0-1: SINGLE (Line Drive, 5D, EV 98.1 MPH)
Bryan Gibson to third
Mark Severtson to second
Runner from 3rd tries for Home, SAFE, throw by LF to home
Batting: RHB Jerry Evans 0-0: Fly out, F8 (Flyball, 8LM, EV 78.1 MPH)
Batting: RHB Luis Pena 0-0: Ball
1-0: Swinging Strike
1-1: Ball
2-1: Ball
3-1: Foul Ball, location: 2F
3-2: Foul Ball, location: 2F
3-2: Base on Balls
Mark Severtson to third
Alejandro Fernandez to second
Batting: SHB Jimmy Lucas 0-0: Swinging Strike
0-1: Ball
1-1: Ball
2-1: Ball
3-1: Fly out, F8 (Flyball, 8LM, EV 91.9 MPH)
Top of the 1st over - 2 runs, 4 hits, 0 errors, 3 left on base; West Virginia 2 - Asheville 0
BOTTOM OF THE 1ST
Asheville Tourists batting - Pitching for West Virginia Power : RHP Luis Piefort
Pitching: RHP Luis Piefort
Batting: LHB Evan Hood 0-0: Ball
1-0: Swinging Strike
1-1: Ball
2-1: Bunt missed!
2-2: SINGLE (Groundball, 34D, EV 105.6 MPH)
Batting: RHB Danny Piedrahita 0-0: Ball
1-0: Ball
2-0: SINGLE (Line Drive, 9LS, EV 85.0 MPH)
Evan Hood to second
Batting: RHB T.J. Krakowski 0-0: Ball
1-0: Called Strike
1-1: Swinging Strike
1-2: Fly out, F6 (Popup, 6S, EV 77.5 MPH)
Batting: RHB Jason Samples 0-0: Ball
1-0: Fielders Choice at 2nd, 6-4 (Groundball, 6, EV 85.6 MPH)
Evan Hood to third
Batting: RHB Matt Grindy 0-0: Swinging Strike
0-1: Ball
1-1: Ball
2-1: Fielders Choice at 2nd, 6-4 (Groundball, 6, EV 64.4 MPH)
Bottom of the 1st over - 0 runs, 2 hits, 0 errors, 2 left on base; West Virginia 2 - Asheville 0
TOP OF THE 2ND
West Virginia Power batting - Pitching for Asheville Tourists : LHP Justin White
Batting: RHB Jim Arnold 0-0: Ball
1-0: Foul Ball, location: 2F
1-1: Ball
2-1: DOUBLE (Groundball, 5L, EV 103.8 MPH)
Batting: RHB Stuart Steitz 0-0: Ball
1-0: Ground out 5-3 (Groundball, 56, EV 88.1 MPH)
Batting: RHB Brian Chisholm 0-0: Ball
1-0: Foul Ball, location: 5FF
1-1: Called Strike
1-2: Strikes out swinging
Batting: RHB Bryan Gibson 0-0: DOUBLE (Line Drive, 8LXD, EV 101.3 MPH)
Jim Arnold scores
Batting: RHB Mark Severtson 0-0: Foul Ball, location: 9LMF
0-1: Ball
1-1: Hit by Pitch
Batting: RHB Alejandro Fernandez 0-0: Ball
Wild Pitch!
Bryan Gibson to third
Mark Severtson to second
1-0: Fly out, F7 (Line Drive, 7, EV 89.4 MPH)
Top of the 2nd over - 1 run, 2 hits, 0 errors, 2 left on base; West Virginia 3 - Asheville 0
BOTTOM OF THE 2ND
Asheville Tourists batting - Pitching for West Virginia Power : RHP Luis Piefort
Batting: RHB Miguel Contreras 0-0: Ball
1-0: Called Strike
1-1: Foul Ball, location: 9LMF
1-2: Ground out 5-3 (Groundball, 56, EV 86.3 MPH)
Batting: RHB Brad Cooper 0-0: Hit by Pitch
Batting: LHB Mason Zeigler 0-0: Ball
Wild Pitch!
Brad Cooper to second
1-0: Swinging Strike
1-1: Fly out, F9 (Flyball, 9, EV 81.9 MPH)
Runner from 2nd tags up, SAFE at 3rd with throw by RF
Batting: RHB Esteban Galante 0-0: Called Strike
0-1: Ball
1-1: Ball
2-1: Ground out 6-3 (Groundball, 6S, EV 71.9 MPH)
Bottom of the 2nd over - 0 runs, 0 hits, 0 errors, 1 left on base; West Virginia 3 - Asheville 0
TOP OF THE 3RD
West Virginia Power batting - Pitching for Asheville Tourists : LHP Justin White
Batting: RHB Jerry Evans 0-0: Swinging Strike
0-1: Ball
1-1: Called Strike
1-2: Strikes out looking
Batting: RHB Luis Pena 0-0: Ball
1-0: Called Strike
1-1: Called Strike
1-2: Strikes out looking
Batting: SHB Jimmy Lucas 0-0: Ground out 6-3 (Groundball, 6M, EV 80.6 MPH)
Top of the 3rd over - 0 runs, 0 hits, 0 errors, 0 left on base; West Virginia 3 - Asheville 0
BOTTOM OF THE 3RD
Asheville Tourists batting - Pitching for West Virginia Power : RHP Luis Piefort
Batting: LHB Evan Hood 0-0: Ball
1-0: Ball
2-0: Ball
3-0: Base on Balls
Batting: RHB Danny Piedrahita 0-0: DOUBLE (Line Drive, 78D, EV 83.8 MPH)
Evan Hood to third
Batting: RHB T.J. Krakowski 0-0: 3-RUN HOME RUN (Flyball, 9D, EV 96.9 MPH), Distance : 360 ft
Batting: RHB Jason Samples 0-0: Called Strike
0-1: Swinging Strike
0-2: Strikes out swinging
Batting: RHB Matt Grindy 0-0: Called Strike
0-1: Ball
1-1: Swinging Strike
1-2: Ball
2-2: Ball
3-2: Fly out, F9 (Flyball, 89M, EV 96.3 MPH)
Batting: RHB Miguel Contreras 0-0: Ball
1-0: Called Strike
1-1: Fly out, F5 (Popup, 5SF, EV 78.8 MPH)
Bottom of the 3rd over - 3 runs, 2 hits, 0 errors, 0 left on base; West Virginia 3 - Asheville 3
TOP OF THE 4TH
West Virginia Power batting - Pitching for Asheville Tourists : LHP Justin White
Batting: RHB Jim Arnold 0-0: Called Strike
0-1: Ball
1-1: Ball
2-1: Fly out, F9 (Flyball, 9LM, EV 97.5 MPH)
Batting: RHB Stuart Steitz 0-0: Ball
1-0: Called Strike
1-1: Ball
2-1: Fly out, F5 (Popup, 5SF, EV 75.6 MPH)
Batting: RHB Brian Chisholm 0-0: Ground out 5-3 (Groundball, 56S, EV 93.1 MPH)
Top of the 4th over - 0 runs, 0 hits, 0 errors, 0 left on base; West Virginia 3 - Asheville 3
BOTTOM OF THE 4TH
Asheville Tourists batting - Pitching for West Virginia Power : RHP Luis Piefort
Batting: RHB Brad Cooper 0-0: Ball
1-0: Called Strike
1-1: Ball
2-1: Ground out 5-3 (Groundball, 56S, EV 58.1 MPH)
Batting: LHB Mason Zeigler 0-0: Ball
1-0: Called Strike
1-1: Ball
2-1: Fly out, F7 (Flyball, 7LM, EV 83.8 MPH)
Batting: RHB Esteban Galante 0-0: Called Strike
0-1: Ball
1-1: Ball
2-1: Foul Ball, location: 9LMF
2-2: Fly out, F8 (Flyball, 89D, EV 108.1 MPH)
Bottom of the 4th over - 0 runs, 0 hits, 0 errors, 0 left on base; West Virginia 3 - Asheville 3
TOP OF THE 5TH
West Virginia Power batting - Pitching for Asheville Tourists : LHP Justin White
Batting: RHB Bryan Gibson 0-0: Called Strike
0-1: Ball
1-1: Ball
2-1: Fly out, F7 (Flyball, 78S, EV 73.1 MPH)
Batting: RHB Mark Severtson 0-0: Ball
1-0: Ball
2-0: Hit by Pitch
Batting: RHB Alejandro Fernandez 0-0: Ball
1-0: Ball
2-0: Ball
3-0: Called Strike
3-1: Foul Ball, location: 9LMF
3-2: Fielders Choice at 2nd, 5-4 (Groundball, 5, EV 81.9 MPH)
Batting: RHB Jerry Evans 0-0: Swinging Strike
0-1: Ball
1-1: Ball
Alejandro Fernandez steals 2nd base
2-1: Ball
3-1: Fly out, F6 (Popup, 4M, EV 63.8 MPH)
Top of the 5th over - 0 runs, 0 hits, 0 errors, 1 left on base; West Virginia 3 - Asheville 3
BOTTOM OF THE 5TH
Asheville Tourists batting - Pitching for West Virginia Power : RHP Luis Piefort
Batting: LHB Evan Hood 0-0: Swinging Strike
0-1: Swinging Strike
0-2: Ball
1-2: Strikes out swinging
Pitching: RHP Ricky Olague
Batting: RHB Danny Piedrahita 0-0: Ball
1-0: Ground out 6-3 (Groundball, 56, EV 106.9 MPH)
Batting: RHB T.J. Krakowski 0-0: Ball
1-0: Foul Ball, location: 23FF
1-1: Foul Ball, location: 2F
1-2: Hit by Pitch
Batting: RHB Jason Samples 0-0: TRIPLE (Flyball, 7LD, EV 106.3 MPH)
T.J. Krakowski scores
Batting: RHB Matt Grindy 0-0: Ball
1-0: Called Strike
1-1: Foul Ball, location: 3F
1-2: Ball
2-2: Ball
3-2: Foul Ball, location: 2F
3-2: Fly out, F7 (Flyball, 7, EV 83.1 MPH)
Bottom of the 5th over - 1 run, 1 hit, 0 errors, 1 left on base; West Virginia 3 - Asheville 4
TOP OF THE 6TH
West Virginia Power batting - Pitching for Asheville Tourists : LHP Justin White
Pitching: RHP Phil Walton
Batting: RHB Luis Pena 0-0: Called Strike
0-1: Ball
1-1: Ball
2-1: SINGLE (Line Drive, 7LS, EV 110.6 MPH)
Batting: SHB Jimmy Lucas 0-0: Called Strike
0-1: Called Strike
Luis Pena is caught stealing 2nd base 2-6
0-2: Ball
1-2: SINGLE (Line Drive, 4M, EV 93.8 MPH)
Pinch Hitting: RHB Jason Wine 0-0: Ball
1-0: Ball
2-0: Called Strike
2-1: Ball
3-1: Fly out, F7 (Flyball, 7LM, EV 103.1 MPH)
Batting: RHB Stuart Steitz 0-0: Foul Ball, location: 23F
0-1: Ground out 6-3 (Groundball, 6MS, EV 66.3 MPH)
Top of the 6th over - 0 runs, 2 hits, 0 errors, 1 left on base; West Virginia 3 - Asheville 4
BOTTOM OF THE 6TH
Asheville Tourists batting - Pitching for West Virginia Power : RHP Ricky Olague
Now in CF: Orlando Vega
Batting: RHB Miguel Contreras 0-0: Ball
1-0: Foul Ball, location: 2F
1-1: Ball
2-1: Foul Ball, location: 2F
2-2: Ball
3-2: Base on Balls
Batting: RHB Brad Cooper 0-0: Foul Ball, location: 25F
0-1: Bunted foul
0-2: Ball
1-2: Ground out 5-3 (Groundball, 56S, EV 70.6 MPH)
Miguel Contreras to second
Batting: LHB Mason Zeigler 0-0: Ball
1-0: Called Strike
1-1: Ball
2-1: Called Strike
2-2: Foul Ball, location: 5SF
2-2: Ball
Wild Pitch!
Miguel Contreras to third
3-2: Strikes out looking
Pitching: RHP Ivan Guardado
Batting: RHB Esteban Galante 0-0: SINGLE (Groundball, 4D, EV 108.1 MPH)
Miguel Contreras scores
Batting: LHB Evan Hood 0-0: Ball
1-0: Called Strike
1-1: Swinging Strike
Balk!
Esteban Galante to second
1-2: Foul Ball, location: 2F
1-2: Ball
2-2: Foul Ball, location: 2F
2-2: Ground out U3 (Groundball, 3, EV 105.0 MPH)
Bottom of the 6th over - 1 run, 1 hit, 0 errors, 1 left on base; West Virginia 3 - Asheville 5
TOP OF THE 7TH
West Virginia Power batting - Pitching for Asheville Tourists : RHP Phil Walton
Batting: RHB Brian Chisholm 0-0: Called Strike
0-1: Foul Ball, location: 25F
0-2: Strikes out looking
Pinch Hitting: SHB Ken Campbell 0-0: Ball
1-0: Ball
2-0: Foul Ball, location: 9LSF
2-1: Foul Ball, location: 7LMF
2-2: Ground out 2-3 (Groundball, 15S, EV 67.5 MPH)
Batting: RHB Mark Severtson 0-0: Fly out, F8 (Flyball, 8RXD, EV 105.6 MPH)
Top of the 7th over - 0 runs, 0 hits, 0 errors, 0 left on base; West Virginia 3 - Asheville 5
BOTTOM OF THE 7TH
Asheville Tourists batting - Pitching for West Virginia Power : RHP Ivan Guardado
Now at 1B: Ken Campbell
Batting: RHB Danny Piedrahita 0-0: SINGLE (Line Drive, 78S, EV 107.5 MPH)
Batting: RHB T.J. Krakowski 0-0: Called Strike
0-1: Ball
1-1: Called Strike
1-2: Ball
2-2: SINGLE (Line Drive, 8LS, EV 91.3 MPH)
Danny Piedrahita to second
Batting: RHB Jason Samples 0-0: Ball
1-0: Ball
2-0: Ball
3-0: Base on Balls
Danny Piedrahita to third
T.J. Krakowski to second
Batting: RHB Matt Grindy 0-0: Ball
1-0: Ball
2-0: Ball
3-0: Called Strike
3-1: Base on Balls
Danny Piedrahita scores
T.J. Krakowski to third
Jason Samples to second
Batting: RHB Miguel Contreras 0-0: Grounds into fielders choice 6-2 (Groundball, 56, EV 83.1 MPH)
Jason Samples to third
Matt Grindy to second
Batting: RHB Brad Cooper 0-0: Ball
1-0: Ball
2-0: Called Strike
2-1: Ball
3-1: Base on Balls
Jason Samples scores
Matt Grindy to third
Miguel Contreras to second
Batting: LHB Mason Zeigler 0-0: Called Strike
0-1: Swinging Strike
0-2: Foul Ball, location: 3F
0-2: Foul Ball, location: 25F
0-2: Ball
1-2: Strikes out looking
Batting: RHB Esteban Galante 0-0: Called Strike
0-1: Ball
1-1: Fly out, F3 (Popup, 3S, EV 88.1 MPH)
Bottom of the 7th over - 2 runs, 2 hits, 0 errors, 3 left on base; West Virginia 3 - Asheville 7
TOP OF THE 8TH
West Virginia Power batting - Pitching for Asheville Tourists : RHP Phil Walton
Batting: RHB Alejandro Fernandez 0-0: Called Strike
0-1: Ball
1-1: Called Strike
1-2: Strikes out swinging
Batting: RHB Jerry Evans 0-0: Swinging Strike
0-1: Called Strike
0-2: Ball
1-2: Strikes out swinging
Batting: RHB Luis Pena 0-0: Ball
1-0: Foul Ball, location: 9LDF
1-1: Ball
2-1: Ground out 6-3 (Groundball, 6, EV 78.8 MPH)
Top of the 8th over - 0 runs, 0 hits, 0 errors, 0 left on base; West Virginia 3 - Asheville 7
BOTTOM OF THE 8TH
Asheville Tourists batting - Pitching for West Virginia Power : RHP Ivan Guardado
Batting: LHB Evan Hood 0-0: Ball
1-0: Fly out, F7 (Line Drive, 78M, EV 109.4 MPH)
Batting: RHB Danny Piedrahita 0-0: Ball
1-0: Called Strike
1-1: Ball
2-1: Ball
3-1: Base on Balls
Pitching: RHP Sergio Bahamundi
Batting: RHB T.J. Krakowski 0-0: SINGLE (Line Drive, 5D, EV 103.1 MPH)
Danny Piedrahita to second
Batting: RHB Jason Samples 0-0: Ball
1-0: 3-RUN HOME RUN (Flyball, 7LD, EV 93.8 MPH), Distance : 338 ft
Batting: RHB Matt Grindy 0-0: Ball
1-0: SINGLE (Line Drive, 56, EV 104.4 MPH)
Batting: RHB Miguel Contreras 0-0: Called Strike
0-1: Grounds into double play, 6-4-3 (Groundball, 6, EV 110.6 MPH)
Bottom of the 8th over - 3 runs, 3 hits, 0 errors, 0 left on base; West Virginia 3 - Asheville 10
TOP OF THE 9TH
West Virginia Power batting - Pitching for Asheville Tourists : RHP Phil Walton
Batting: SHB Jimmy Lucas 0-0: Foul Ball, location: 2F
0-1: Ball
1-1: Fly out, F7 (Flyball, 78S, EV 90.0 MPH)
Batting: LHB Orlando Vega 0-0: Ball
1-0: Called Strike
1-1: Ground out 4-3 (Groundball, 4, EV 84.4 MPH)
Batting: RHB Stuart Steitz 0-0: Swinging Strike
0-1: Foul Ball, location: 9LSF
0-2: Strikes out swinging, 2-3 out at first.
Top of the 9th over - 0 runs, 0 hits, 0 errors, 0 left on base; West Virginia 3 - Asheville 10
Sunday, April 7th , 2024 - OOTP Baseball 24.11 Build 85